 Dungeon Crawl Stone Soup version 0.17-a0-1711-gc5340a3 (webtiles) character file.

382 kae the Firebug (level 6, -2/32 HPs)
             Began as a Tengu Fire Elementalist on Aug 22, 2015.
             Slain by kae's ghost (9 damage)
             ... on level 5 of the Dungeon.
             The game lasted 00:05:47 (4230 turns).

kae the Firebug (Tengu Fire Elementalist)           Turns: 4230, Time: 00:05:48

Health: -2/32      AC:  4    Str:  7 (9)  XL:     6   Next: 76%
Magic:  4/10       EV: 12    Int: 17      God:
Gold:   222        SH:  0    Dex: 14      Spells: 3 memorised, 3 levels left

rFire  + . .     SeeInvis .     r - +2 dagger (drain)
rCold  . . .     Clarity  .     u - +2 robe {MR+}
rNeg   . . .     SustAt   .     (no shield)
rPois  .         Gourm    .     (helmet restricted)
rElec  .         Spirit   .     (no cloak)
rCorr  .         Warding  .     (no gloves)
rMut   .         Stasis   +     (boots unavailable)
MR     +....                    h - amulet of stasis
Stlth  ++........               e - ring of fire
                                A - ring of protection from cold

@: very slightly contaminated, invisible, somewhat resistant to hostile
enchantments, unstealthy
A: beak, talons 3, able to fly 1
a: Fly


You were on level 5 of the Dungeon.
You were hungry.

You visited 1 branch of the dungeon, and saw 5 of its levels.

You collected 238 gold pieces.
You spent 16 gold pieces at shops.

Inventory:

Hand weapons
 r - a +2 dagger of draining (weapon)
Armour
 a - a +0 robe
 u - a +2 robe of magic resistance (worn)
Jewellery
 e - a ring of fire (right hand)
 h - an amulet of stasis (around neck)
 x - a +3 ring of dexterity
 A - a ring of protection from cold (left hand)
Magical devices
 w - a wand of fireball (6)
Scrolls
 d - 2 scrolls of amnesia {unknown}
 f - 2 scrolls of identify {unknown}
 g - 2 scrolls of fog {unknown}
 i - 3 scrolls of recharging {unknown}
 o - a scroll of magic mapping {unknown}
 p - a scroll of fear {unknown}
 q - 2 scrolls of blinking {unknown}
 s - 2 scrolls of enchant armour {unknown}
 v - a scroll of teleportation {unknown}
 y - a scroll of remove curse {unknown}
 C - a scroll of enchant weapon {unknown}
Potions
 n - a potion of lignification {unknown}
 t - 2 potions of curing
 B - 2 potions of berserk rage {unknown}
Books
 b - a book of Flames

   Spells                             Type                      Level
   a - Flame Tongue                   Conjuration/Fire             1
   b - Throw Flame                    Conjuration/Fire             2
   c - Conjure Flame                  Conjuration/Fire             3
   d - Inner Flame                    Hexes/Fire                   3
   e - Sticky Flame                   Conjuration/Fire             4
   f - Fireball                       Conjuration/Fire             5
Comestibles
 c - 4 bread rations
 j - 5 meat rations
 k - a beef jerky
 l - 6 fruits
 z - a slice of pizza
 D - a chunk of flesh


   Skills:
 - Level 2.1 Dodging
 - Level 2.0 Stealth
 - Level 2.0 Spellcasting
 + Level 4.3 Conjurations
 * Level 7.2 Fire Magic


You had 3 spell levels left.
You knew the following spells:

 Your Spells              Type           Power        Failure   Level  Hunger
a - Flame Tongue          Conj/Fire      ####.        1%          1    #......
b - Throw Flame           Conj/Fire      ####..       2%          2    ###....
c - Conjure Flame         Conj/Fire      ####....     8%          3    ###....


Dungeon Overview and Level Annotations

Branches:
Dungeon (5/15)
 Temple: D:4-7

Altars:
Gozag
Kikubaaqudgha
Zin

Shops:
D:4 [

Annotations:
D:5 kae's ghost, average MiFi


Innate Abilities, Weirdness & Mutations

You have a beak for a mouth.
You have claws for feet.
You can fly.


Message History

Aiming: Flame Tongue
Press: ? - help, Shift-Dir - straight line, f/p - kae's ghost
Aim: kae's ghost (lightly damaged)
You feel a surge of power!
The flame tongue hits kae's ghost.
Kae's ghost is moderately damaged.
Kae's ghost closely misses you.
Casting: Flame Tongue
Confirm with . or Enter, or press ? or * to list all spells.
Aiming: Flame Tongue
Press: ? - help, Shift-Dir - straight line, f/p - kae's ghost
Aim: kae's ghost (moderately damaged)
You feel a surge of power!
The flame tongue hits kae's ghost.
Kae's ghost appears unharmed.
Kae's ghost is moderately damaged.
Kae's ghost hits you!
* * * LOW HITPOINT WARNING * * *
Drink which item? (? for menu, Esc to quit)
You fade into invisibility!
Kae's ghost hits you!
You die...

##.....##+##.
#.....#...#. #......
+.....#...#. #..a...
#.....'...#. #.....
#.....#...+. #.....
###+##.....#...#.
#.....##...#......#...##
#.....#....#......+.....
#.....#@...'......#.....
+.....W....#......#.....
#.....###'##......##...#
#..... #.....##+####...#
#...... #.....# +.....
+...... +.....# #.....
#...... #.....# #.....
#...... #.....+ #.<...
#...### #.....# ####..


You could see kae's ghost.

Vanquished Creatures
  A sky beast (D:5)
  A scorpion (D:3)
  2 orc wizards (D:4)
  Robin (D:4)
  7 adders
  An adder skeleton (D:4)
  A worm (D:3)
  7 orcs
  3 ball pythons
  12 giant cockroaches
  7 hobgoblins
  2 jackals (D:2)
  10 kobolds
  A quokka (D:3)
  6 bats
  6 giant geckos
  6 giant newts
  20 goblins
  7 rats
101 creatures vanquished.

Notes
Turn   | Place    | Note
--------------------------------------------------------------
     0 | D:1      | kae the Tengu Fire Elementalist began the quest for the Orb.
     0 | D:1      | Reached XP level 1. HP: 10/10 MP: 4/4
   154 | D:1      | Reached XP level 2. HP: 15/15 MP: 1/6
   266 | D:1      | Reached skill level 4 in Fire Magic
   607 | D:1      | Reached XP level 3. HP: 19/19 MP: 5/7
   817 | D:2      | Found an ancient bone altar of Kikubaaqudgha.
  1030 | D:2      | Reached skill level 5 in Fire Magic
  1035 | D:2      | Reached XP level 4. HP: 22/24 MP: 0/8
  1384 | D:3      | Gained mutation: You can fly. [Tengu growth]
  1384 | D:3      | Reached XP level 5. HP: 12/28 MP: 2/9
  2086 | D:3      | Reached skill level 6 in Fire Magic
  2351 | D:4      | Noticed Robin
  3179 | D:3      | Learned a level 2 spell: Throw Flame
  3183 | D:3      | Learned a level 3 spell: Conjure Flame
  3190 | D:4      | Killed Robin
  3253 | D:4      | Found Zemom's Antique Armour Emporium.
  3257 | D:4      | Bought an embroidered robe for 16 gold pieces
  3430 | D:4      | Reached XP level 6. HP: 24/32 MP: 7/10
  3826 | D:4      | Found an opulent altar of Gozag.
  3826 | D:4      | Found a glowing silver altar of Zin.
  3922 | D:5      | Entered Level 5 of the Dungeon
  4013 | D:5      | Reached skill level 7 in Fire Magic
  4212 | D:5      | Noticed kae's ghost (average MiFi)
  4230 | D:5      | Slain by kae's ghost

Vault maps used:
D:1:      dpeg_arrival_round_a
D:2:      lemuel_crystal_altar, serial_bayou_crossing
D:3:      first_bread
D:4:      grunt_temple_overflow_gold_and_silver, serial_shops, shop,
          kennysheep_pointless_box, kennysheep_generic_room_9, uniq_robin

Action                   |  1- 3 |  4- 6 || total
-------------------------+-------+-------++-------
Melee: Unarmed           |     7 |       ||     7
       Dagger            |     4 |   115 ||   119
 Cast: Flame Tongue      |    48 |    66 ||   114
  Use: Potion            |       |     5 ||     5
 Stab: Sleeping          |       |     2 ||     2
  Eat: Chunk             |     1 |    11 ||    12
